 Dungeon Crawl Stone Soup version 0.27.1-2-g3b301248ec (webtiles) character file.

Game seed: 6721308617521339702

10238 MisterFreud the Nimble (level 11, -9/57 HPs)
             Began as a Felid Berserker on Sept 24, 2021.
             Was a High Priest of Trog.
             Hit by a large rock thrown by a cyclops (37 damage)
             ... on level 11 of the Dungeon.
             The game lasted 00:21:33 (15246 turns).

MisterFreud the Nimble (Felid Berserker)           Turns: 15246, Time: 00:21:33

Health: -9/57      AC:  2    Str: 13    XL:     11   Next: 33%
Magic:  3/3        EV: 32    Int:  8    God:    Trog [*****.]
Gold:   1544       SH:  0    Dex: 20    Spells: 10/10 levels left
                                        Lives:  0   Deaths: 3

rFire    + . .     SeeInvis +     - Unarmed
rCold    + . .     Faith    +   (shield unavailable)
rNeg     . . .     Spirit   .   (armour unavailable)
rPois    .         Reflect  .   (helmet unavailable)
rElec    .         Harm     .   (cloak unavailable)
rCorr    .         Rampage  .   (gloves unavailable)
Will     +++..                  (boots unavailable)
Stlth    +++++.....             y - amulet of faith
HPRegen  0.19/turn              k - ring "Estioppog" {rF+ rC+ Will++ MP-9}
MPRegen  0.08/turn              D - +4 ring of evasion

@: studying Fighting, quick
A: very small, claws 1, fangs 3, see invisible, speed 1, shaggy fur 2, stealthy
paws, no weapons or thrown items, no armour, multi-lived
a: Renounce Religion, Berserk, Trog's Hand, Brothers in Arms


You were on level 11 of the Dungeon.
You worshipped Trog.
Trog was extremely pleased with you.
You visited 2 branches of the dungeon, and saw 12 of its levels.
You also visited: Sewer and Bailey.

You collected 1577 gold pieces.
You spent 33 gold pieces at shops.

Inventory:

Jewellery
 k - the ring "Estioppog" (left paw) {rF+ rC+ Will++ MP-9}
   (You found it on level 4 of the Dungeon)

   [ring of protection from fire]

   rF:        It protects you from fire.
   rC:        It protects you from cold.
   MP:        It affects your magic capacity (-9).
   Will:      It greatly increases your willpower.
 m - a ring of flight
 q - a ring of positive energy
 y - an amulet of faith (around neck)
 D - a +4 ring of evasion (right paw)
 E - a +4 ring of protection
Wands
 c - a wand of acid (12)
 n - a wand of flame (27)
 u - a wand of paralysis (7)
 x - a wand of digging (11)
 z - a wand of mindburst (8)
 F - a wand of polymorph (9)
Scrolls
 e - 12 scrolls of teleportation
 f - a scroll of enchant armour
 h - a scroll of amnesia
 i - 2 scrolls of immolation
 l - 3 scrolls of enchant weapon {unknown}
 o - 2 scrolls of blinking
 p - a scroll of noise
 r - a scroll of fear
 v - a scroll of summoning {unknown}
 w - 2 scrolls of fog
 G - a scroll of silence {unknown}
Potions
 a - 5 potions of brilliance
 b - 6 potions of curing
 d - 10 potions of flight
 g - 3 potions of haste
 j - a potion of degeneration
 s - 2 potions of ambrosia
 t - 3 potions of lignification
Miscellaneous
 A - a lightning rod (4/4)
 B - a piece from Xom's chessboard (15/15)
 C - a phial of floods


   Skills:
 + Level 12.2 Fighting
 + Level 13.5 Dodging
 - Level 10.0 Stealth
 - Level 10.0 Unarmed Combat
 + Level 7.7 Evocations


You had 10 spell levels left.
You didn't know any spells.
Your spell library was empty.

Dungeon Overview and Level Annotations

Branches:
Dungeon (11/15)            Temple (1/1) D:7            Lair (0/6) D:10
    Orc (0/2) D:10          Sewer (visited)          Bailey (visited)

Altars:
Kikubaaqudgha
Okawaru
Qazlal
Sif Muna
Vehumet
Zin

Shops:
D:8 *


Innate Abilities, Weirdness & Mutations

You have sharp claws.
You have razor-sharp teeth.
You have supernaturally acute eyesight. (SInv)
You cover ground quickly. (Speed+)
You are covered in thick fur. (AC +2)
Your paws help you pounce on unaware monsters.
You are incapable of wielding weapons or throwing items.
You cannot wear armour.
You gain extra lives every three experience levels.


Message History

The yak is moderately wounded.
The yak misses you.
You barely miss the yak.
The yak is moderately wounded.
The yak gores you.
You scratch the yak but do no damage.
The yak is moderately wounded.
The yak completely misses you.
You scratch the yak. You bite the yak.
The yak is heavily wounded.
The yak completely misses you.
You barely miss the yak.
The yak is heavily wounded.
You barely miss the yak.
The yak is heavily wounded.
The yak closely misses you.
You claw the yak!
The yak is almost dead.
The yak misses you.
You scratch the yak.
The yak is almost dead.
The yak completely misses you.
You claw the yak!
You kill the yak!
Trog accepts your kill.
You see here a yak corpse.
You start resting.
A cyclops is nearby!
The cyclops shouts!
The cyclops hits you!
You are too injured to fight recklessly!
You see here a yak corpse.
The cyclops throws a large rock.
The large rock completely misses you.
You start resting.
A cyclops is nearby!
You start resting.
A cyclops is nearby!
The cyclops throws a large rock.
The large rock hits you!!!
Ouch! That really hurt!
You die...

.###...#
#....######..##..##.##.
.#...#.## #.....#
##.).#..##...
...####.###...C.##
##......).... #..#
#..#)..##..####...#....##..
##.#
##.)....##†.##....#....###.
#..#
#....#..#.........(...###.
##.#
#....######.C####.......... ..
#....# ###..####....#....#
#......## #.@##..####.......#
......# ###..##..####........
.....## #....####..####......
......####....####..####......
#..####..##....##......
#..####..##....##......
#####.(##[.######......
#####(.##..######......
#:[..##..####..##......


You could see a cyclops.

Vanquished Creatures
  A boulder beetle (D:9)
  A death knight (D:11)
  3 two-headed ogres (D:11)
  A centaur warrior (D:9)
  2 orc knights
  Pikel (D:8)
  A deep elf pyromancer (D:11)
  A manticore (D:11)
  2 cyclopes (D:11)
  A gargoyle (D:9)
  Maggie (D:8)
  A komodo dragon (D:10)
  A kobold demonologist (D:11)
  A troll (D:11)
  A meliai zombie (D:11)
  A wraith (D:11)
  A wyvern (D:7)
  7 yaks
  Grum (D:8)
  Eustachio (D:5)
  A steam dragon (D:7)
  3 vampire mosquitoes (D:10)
  2 acid dragons
  4 water moccasins
  2 sky beasts
  A black bear (D:10)
  A hornet zombie (D:7)
  12 orc warriors
  3 wolves (D:8)
  A necrophage (D:8)
  An ogre (D:7)
  3 centaurs
  4 phantoms
  A gnoll sergeant (D:6)
  6 kobold brigands
  6 bullfrogs
  A wyvern zombie (D:5)
  A scorpion (D:5)
  10 killer bees
  4 wights
  3 howler monkeys
  2 electric eels (D:6)
  A bullfrog zombie (D:5)
  6 centaur zombies
  3 hounds
  2 gnoll shamans
  2 orc priests
  A bullfrog skeleton (D:5)
  3 iguanas
  11 orc wizards
  Natasha (D:2)
  2 merfolk sirens (Sewer)
  A merfolk avatar (Sewer)
  A killer bee zombie (D:8)
  A hound skeleton (D:5)
  17 gnolls
  11 adders
  5 river rats
  A white imp (D:7)
  4 worms
  2 dart slugs
  30 orcs
  18 ball pythons
  6 bats
  4 endoplasms
  8 giant cockroaches
  11 goblins
  4 hobgoblins
  10 jackals
  7 quokkas
  4 frilled lizards
  49 kobolds
  25 rats
353 creatures vanquished.

Vanquished Creatures (others)
  2 wights (D:7)
  50 fungi (D:10)
  61 plants
113 creatures vanquished.

Grand Total: 466 creatures vanquished

Notes
Turn   | Place    | Note
-------+----------+-------------------------------------------
     0 | D:1      | MisterFreud the Felid Berserker began the quest for the
                  | Orb.
     0 | D:1      | Reached XP level 1. HP: 10/10 MP: 2/2
    42 | D:1      | Reached skill level 1 in Stealth
   160 | D:1      | Reached XP level 2. HP: 14/14 MP: 3/3
   689 | D:1      | Reached XP level 3. HP: 13/17 MP: 4/4
   817 | D:1      | Reached ** piety under Trog
  1037 | D:2      | Reached XP level 4. HP: 13/21 MP: 5/5
  1051 | D:2      | HP: 1/21 [gnoll (9)]
  1051 | D:2      | Slain by a jackal
  1052 | D:2      | Reached XP level 3. HP: -1/17 MP: 4/4
  1560 | D:2      | Reached XP level 4. HP: 21/21 MP: 5/5
  1637 | D:2      | Noticed Natasha
  1648 | D:2      | Killed Natasha
  1733 | D:3      | Reached skill level 5 in Stealth
  1733 | D:3      | Reached XP level 5. HP: 22/24 MP: 6/6
  2171 | D:3      | Reached *** piety under Trog
  2184 | D:3      | Reached skill level 5 in Unarmed Combat
  2425 | D:3      | Found a faded altar of an unknown god.
  2735 | D:4      | Gained mutation: You are covered in thick fur. (AC +2)
                  | [Felid growth]
  2735 | D:4      | Reached XP level 6. HP: 26/28 MP: 7/7
  2871 | D:4      | Identified the ring "Estioppog" {rF+ rC+ Will++ MP-9}
  3326 | D:4      | Reached skill level 5 in Dodging
  3745 | D:5      | Entered Level 5 of the Dungeon
  3776 | D:5      | Noticed Eustachio
  3824 | D:5      | Reached skill level 6 in Dodging
  3824 | D:5      | Reached XP level 7. HP: 26/31 MP: 0/8
  4262 | D:5      | Reached skill level 7 in Dodging
  4448 | D:5      | Reached skill level 8 in Dodging
  4636 | D:5      | Reached skill level 9 in Dodging
  4977 | D:5      | Reached XP level 8. HP: 30/34 MP: 0/9
  5252 | D:5      | Reached skill level 10 in Dodging
  5506 | D:5      | Killed Eustachio
  5595 | D:5      | Reached **** piety under Trog
  5623 | D:5      | Reached skill level 5 in Fighting
  6148 | D:6      | Reached skill level 1 in Evocations
  6352 | D:6      | Reached XP level 9. HP: 41/41 MP: 1/10
  6588 | D:6      | Found a glowing drain.
  6602 | Sewer    | Entered a sewer
  7811 | D:6      | Slain by a gnoll
  7812 | D:6      | Reached XP level 8. HP: -1/39 MP: 0/0
  8073 | D:6      | Found a stormy altar of Qazlal.
  8077 | D:6      | Noticed an air elemental
  8559 | D:7      | Found a staircase to the Ecumenical Temple.
  8587 | Temple   | Entered the Ecumenical Temple
  9064 | D:7      | Reached XP level 9. HP: 42/42 MP: 1/10
  9256 | D:8      | Noticed Maggie
  9264 | D:8      | Killed Maggie
  9265 | D:8      | Reached skill level 5 in Evocations
  9471 | D:8      | Noticed Grum
  9487 | D:8      | Reached skill level 11 in Dodging
  9498 | D:8      | Killed Grum
  9750 | D:8      | Noticed Pikel
  9776 | D:8      | Killed Pikel
 10141 | D:8      | Found Onkech's General Store.
 10151 | D:8      | Bought a scroll of teleportation for 33 gold pieces
 10384 | D:9      | Noticed a centaur warrior
 10395 | D:9      | Killed a centaur warrior
 10396 | D:9      | Reached XP level 10. HP: 41/48 MP: 2/11
 10727 | D:9      | Found a flagged portal.
 10740 | Bailey   | Entered a bailey
 10746 | Bailey   | Noticed an orc knight
 10956 | Bailey   | Reached ***** piety under Trog
 11244 | Bailey   | Killed an orc knight
 11245 | Bailey   | Reached skill level 12 in Dodging
 11245 | Bailey   | Reached skill level 10 in Stealth
 11854 | D:9      | Noticed a boulder beetle
 11872 | D:9      | Killed a boulder beetle
 12180 | D:9      | Identified a scroll of acquirement
 12181 | D:9      | Acquired a manual of Fighting
 12286 | D:9      | Noticed a gargoyle
 12297 | D:9      | Killed a gargoyle
 12345 | D:10     | Entered Level 10 of the Dungeon
 12490 | D:10     | Found a staircase to the Lair.
 12664 | D:10     | Reached XP level 11. HP: 45/54 MP: 3/12
 12718 | D:10     | Reached skill level 10 in Fighting
 12912 | D:10     | Reached skill level 10 in Unarmed Combat
 13158 | D:10     | Found a staircase to the Orcish Mines.
 13837 | D:11     | Noticed a two-headed ogre
 13848 | D:11     | Killed a two-headed ogre
 14253 | D:11     | Found a radiant altar of Vehumet.
 14362 | D:11     | Noticed a deep elf pyromancer
 14363 | D:11     | Noticed a death knight
 14364 | D:11     | Noticed a five-headed hydra
 14366 | D:11     | Noticed an orc knight
 14368 | D:11     | Killed from afar by a deep elf pyromancer
 14369 | D:11     | Reached XP level 10. HP: -8/51 MP: 2/2
 14445 | D:11     | Killed a deep elf pyromancer
 14453 | D:11     | Noticed a cyclops
 14454 | D:11     | Killed a manticore
 14459 | D:11     | HP: 1/78 [cyclops (29)]
 14463 | D:11     | Killed a cyclops
 14729 | D:11     | Noticed a two-headed ogre
 14730 | D:11     | Noticed a two-headed ogre
 14738 | D:11     | Killed a two-headed ogre
 14739 | D:11     | Reached skill level 13 in Dodging
 14746 | D:11     | Killed a two-headed ogre
 14747 | D:11     | Reached XP level 11. HP: 57/57 MP: 3/12
 14839 | D:11     | Killed a death knight
 15067 | D:11     | Killed an orc knight
 15246 | D:11     | Hit by a large rock thrown by a cyclops

Illustrated notes

Levels and vault maps discovered:
D:1:      lemuel_arrival_broad_hall, layout_basic
D:2:      layout_rooms, minmay_ruptured, uniq_natasha
D:3:      layout_basic, shapermc_ecumenical_altar_ellora
D:4:      layout_loops_ring
D:5:      minmay_opposing_rooms, layout_loops_corners, uniq_eustachio
D:6:      layout_basic, nicolae_qazlal_style_of_elements,
          gup_sewer_entry_bubbles, serial_bayou_lake_a
D:7:      layout_loops_ring, minmay_temple_entry_gardened_gates,
          serial_bayou_pond_d, chequers_jeans, amcnicky_mini_pool_small,
          st_stairs_3, minmay_a_box_with_orc_wizards_in_it
D:8:      layout_loops_ring, serial_shops, nicolae_shop_crystal, serial_rivers,
          chequers_serial_rivers_large_a, chequers_serial_rivers_room_b,
          chequers_serial_rivers_large_b, chequers_serial_rivers_micro_d,
          uniq_maggie, uniq_pikel, uniq_grum
D:9:      layout_loops_ring, enter_bailey_3, nzn_sisyphean_effort
D:10:     layout_basic, due_lair_maze_entry_diamond, orc_0_dummy
D:11:     minmay_bloctagon, layout_layer_cave, nicolae_vehumet_altar_sigil
Temple:   compressed_dpeg_circular_temple

Skill      XL: |  1  2  3  4  5  6  7  8  9 10 11 |
---------------+----------------------------------+-----
Stealth        | 1 2 4 5 6 7 9 10 | 10.0
Unarmed Combat | 4 5 6 7 9 10 | 10.0
Dodging        | 6 9 10 11 13 | 13.5
Fighting       | 6 7 11 12 | 12.2
Evocations     | 4 5 7 6 |  7.7

Action                   |  1- 3 |  4- 6 |  7- 9 | 10-12 || total
-------------------------+-------+-------+-------+-------++-------
Melee: Unarmed           |   119 |   133 |   452 |   463 ||  1167
       Bite              |     4 |    13 |    56 |    63 ||   136
       Punch             |     4 |     3 |    11 |    29 ||    47
Invok: Berserk           |     2 |     4 |    21 |    15 ||    42
       Trog's Hand       |       |     1 |     9 |     6 ||    16
Evoke: Wand              |       |       |     3 |       ||     3
  Use: Scroll            |       |       |       |    18 ||    18
 Stab: Sleeping          |     5 |     7 |    18 |     7 ||    37
       Distracted        |       |     1 |     1 |     3 ||     5
Armor: Skin              |     9 |     8 |    20 |     6 ||    43
Dodge: Dodged            |   113 |    87 |   385 |   472 ||  1057
